 Dungeon Crawl Stone Soup version 0.24-a0-769-g368c164 (webtiles) character file.

Game seed: 2895661047194448549, levelgen mode: deterministic

201 tbh1313 the Cudgeler (level 5, -7/32 HPs)
             Began as a Gargoyle Fighter on Oct 6, 2019.
             Killed by divine providence
             ... invoked by an orc priest
              (13 damage)
             ... on level 4 of the Dungeon.
             The game lasted 00:06:43 (2331 turns).

tbh1313 the Cudgeler (Gargoyle Fighter)             Turns: 2331, Time: 00:06:43

Health: -7/32      AC: 13    Str: 21    XL:     5   Next: 79%
Magic:  5/5        EV:  9    Int:  8    God:
Gold:   201        SH:  4    Dex:  9    Spells: 4/4 levels left

rFire    . . .     SeeInvis .   a - +1 flail
rCold    . . .     Gourm    .   j - +0 buckler
rNeg     + . .     Faith    .   b - +1 scale mail
rPois    ∞         Spirit   .   (no helmet)
rElec    +         Reflect  .   (no cloak)
rCorr    .         Harm     .   m - +0 pair of gloves
MR       .....                  (no boots)
Stlth    ..........             (no amulet)
HPRegen  0.10/turn              (no ring)
MPRegen  0.09/turn              (no ring)

@: no status effects
A: negative energy resistance 1, electricity resistance, unbreathing,
petrification resistance, rot immunity, AC +4
a: no special abilities


You were on level 4 of the Dungeon.
You were near starving.

You visited 1 branch of the dungeon, and saw 4 of its levels.

You collected 201 gold pieces.

Inventory:

Hand Weapons
 a - a +1 flail (weapon)
Missiles
 e - 7 boomerangs (quivered)
Armour
 b - a +1 scale mail (worn)
 c - a +0 shield
 j - a +0 buckler (worn)
 m - a +0 pair of gloves (worn)
Jewellery
 g - an uncursed ring of ice
 h - an uncursed ring of wizardry
Scrolls
 l - a scroll of teleportation
Potions
 d - 2 potions of might
 i - a potion of magic
 k - a potion of curing
Comestibles
 f - 8 rations


   Skills:
 - Level 3.2 Fighting
 + Level 5.4 Maces & Flails
 - Level 3.2 Armour
 - Level 4.0 Shields


You had 4 spell levels left.
You didn't know any spells.
Your spell library was empty.

Dungeon Overview and Level Annotations

Branches:
Dungeon (4/15)
 Temple: D:4-7

Altars:
Trog


Innate Abilities, Weirdness & Mutations

You are resistant to torment.
Your stone body is resilient. (AC +4)
You are immune to poison.
You resist negative energy. (rN+)
You are resistant to electric shocks. (rElec)
You can survive without breathing.
You are immune to petrification.
You are immune to rotting.


Message History

An orc comes into view. It is wielding a +0 flail.
You sock the orc!
You kill the orc!
The orc hits you but does no damage.
The orc priest calls down the wrath of Beogh upon you.
Beogh smites you!
You see here a +0 hand axe.
You sock the orc!
You kill the orc!
You hit the orc priest.
The orc priest is lightly wounded.
An orc comes into view.
The orc priest calls down the wrath of Beogh upon you.
Beogh smites you!
* * * LOW HITPOINT WARNING * * *
You hit the orc priest.
The orc priest is heavily wounded.
The orc priest calls down the wrath of Beogh upon you.
Beogh smites you!
You die...

. #.###..# .
##.###..# .
#.......#
######..# # #..#
a. #.####.### .o.
.........o# o)..
...####.#o# .....
...#@#
......#########.#
..............).#
#################


You could see an orc priest and an orc.

Levels and vault maps discovered:
D:1:      minmay_arrival_hallway, layout_rooms
D:2:      layout_basic, trog_three_pillars_becter
D:3:      layout_rooms, minivault_25
D:4:      layout_basic, first_ration, grunt_ministairs_10,
          roderic_serpentine_path

Notes
Turn   | Place    | Note
-------+----------+-------------------------------------------
     0 | D:1      | tbh1313 the Gargoyle Fighter began the quest for the Orb.
     0 | D:1      | Reached XP level 1. HP: 14/14 MP: 1/1
   121 | D:1      | Reached XP level 2. HP: 15/19 MP: 2/2
   277 | D:1      | Reached skill level 3 in Maces & Flails
   583 | D:2      | Reached XP level 3. HP: 21/23 MP: 3/3
   649 | D:2      | Found a bloodstained altar of Trog.
  1375 | D:3      | Reached XP level 4. HP: 28/28 MP: 4/4
  1439 | D:3      | Reached skill level 4 in Maces & Flails
  1831 | D:4      | Reached XP level 5. HP: 26/32 MP: 5/5
  1904 | D:4      | Reached skill level 5 in Maces & Flails
  2331 | D:4      | Killed from afar by an orc priest

Table legend:
 A = Turns spent in this place as a percentage of turns spent in the entire game.
 B = Non-inter-level travel turns spent in this place as a percentage of non-inter-level travel turns spent in the entire game.
 C = Inter-level travel turns spent in this place as a percentage of turns spent in this place.
 D = Turns resting spent in this place as a percentage of non-inter-level travel turns spent in this place.
 E = Turns spent auto-exploring this place as a percentage of non-inter-level travel turns spent in this place.
 F = Non-inter-level travel turns spent in this place divided by the number of levels of this place that you've seen.
                   A       B       C       D       E      F
               +-------+-------+-------+-------+-------+----------------------
         Total | 100.0 | 100.0 |   2.6 |  11.9 |  64.0 | 567.5
       Dungeon | 100.0 | 100.0 |   2.6 |  11.9 |  64.0 | 567.5
               +-------+-------+-------+-------+-------+----------------------

Table legend:
 A = Kills in this place as a percentage of kills in entire the game.
 B = Kills by you in this place as a percentage of kills by you in the entire game.
 C = Kills by friends in this place as a percentage of kills by friends in the entire game.
 D = Other kills in this place as a percentage of other kills in the entire game.
 E = Experience gained in this place as a percentage of experience gained in the entire game.
 F = Experience gained in this place divided by the number of levels of this place that you have seen.
                   A       B       C       D       E      F
               +-------+-------+-------+-------+-------+----------------------
         Total | 100.0 | 100.0 |   N/A |   N/A | 100.0 |  72.0
       Dungeon | 100.0 | 100.0 |   N/A |   N/A | 100.0 |  72.0
               +-------+-------+-------+-------+-------+----------------------

Action                   |  1- 3 |  4- 6 || total
-------------------------+-------+-------++-------
Melee: Flail             |   158 |    72 ||   230
  Use: Scroll            |     5 |     4 ||     9
  Eat: Chunk             |     2 |     1 ||     3
Armor: Scale mail        |   113 |    31 ||   144
Dodge: Dodged            |   105 |    37 ||   142
Block: Shield            |    16 |       ||    16
       Buckler           |    22 |    10 ||    32

Vanquished Creatures
  A hound (D:3)
  2 orc wizards (D:4)
  A worker ant (D:4)
  An adder (D:4)
  2 worms (D:2)
  3 dart slugs
  4 leopard geckos
  5 orcs
  8 giant cockroaches
  6 hobgoblins
  A quokka (D:3)
  A ball python (D:1)
  9 bats
  8 frilled lizards
  4 goblins
  8 kobolds
  5 rats
69 creatures vanquished.
